 Dungeon Crawl Stone Soup version 0.25.0-3-gd7cc5688da (webtiles) character file.

Game seed: 13091155853020729597

104 Dirian the Covered (level 4, -5/40 HPs)
             Began as a Minotaur Fighter on June 15, 2020.
             Splashed by a jelly's acid (11 damage)
             ... on level 2 of the Dungeon.
             The game lasted 00:02:00 (1235 turns).

Dirian the Covered (Minotaur Fighter)               Turns: 1235, Time: 00:02:00

Health: -5/40      AC:  0    Str: 21    XL:     4   Next: 52%
Magic:  3/3        EV:  7    Int:  5    God:
Gold:   75         SH:  9    Dex: 10    Spells: 3/3 levels left

rFire    . . .     SeeInvis .   a - +0 long sword
rCold    . . .     Gourm    .   c - +0 kite shield
rNeg     . . .     Faith    .   b - +0 scale mail
rPois    .         Spirit   .   (helmet restricted)
rElec    .         Reflect  .   j - +0 cloak (curse)
rCorr    .         Harm     .   (no gloves)
MR       .....                  (no boots)
Stlth    ..........             (no amulet)
HPRegen  0.13/turn              (no ring)
MPRegen  0.08/turn              (no ring)

@: mighty, corroded
A: retaliatory headbutt, horns 2
a: no special abilities


You were on level 2 of the Dungeon.
You were not hungry.

You visited 1 branch of the dungeon, and saw 2 of its levels.

You collected 75 gold pieces.

Inventory:

Hand Weapons
 a - a +0 long sword (weapon)
Armour
 b - a +0 scale mail (worn)
 c - a +0 kite shield (worn)
 j - a cursed +0 cloak (worn)
Scrolls
 h - 5 scrolls of identify {unknown}
 i - a scroll of enchant armour {unknown}
 k - a scroll of teleportation {unknown}
 l - a scroll of fog {unknown}
Potions
 f - a potion of ambrosia {unknown}
Comestibles
 e - 5 rations


   Skills:
 + Level 4.2 Fighting
 * Level 4.0 Long Blades
 + Level 4.5 Armour
 + Level 4.3 Shields


You had 3 spell levels left.
You didn't know any spells.
Your spell library was empty.

Dungeon Overview and Level Annotations

Branches:
Dungeon (2/15)

Altars:


Innate Abilities, Weirdness & Mutations

You reflexively headbutt those who attack you in melee.
You have a pair of horns on your head.


Message History

There is an open door here.
You close the door.
You hear a slurping noise.
The jelly eats the door!
You feel very mighty all of a sudden. The jelly hits you but does no damage.
You hit the jelly. The acid corrodes you!
Your hands burn!
The jelly is moderately wounded.
The jelly barely misses you.
You riposte.
You hit the jelly but do no damage. You headbutt the jelly.
The jelly is heavily wounded.
The jelly hits you.
You are splashed with acid!
* * * LOW HITPOINT WARNING * * *
You hit the jelly.
Your hands burn!
* * * LOW HITPOINT WARNING * * *
The jelly is heavily wounded.
The jelly hits you.
* * * LOW HITPOINT WARNING * * *
You are splashed with acid!
You die...

... ... ... ####### ...
#......########## ###
#P...J.J##......#####
#...J..#J#.......##.#######
#.P.P.J#J#........'........
#..J÷..#J#@.......'........
#PP÷.J.#(#J#......†))....(.
#.J÷..÷#J#J#.....##()......
#.P.JJP#.#J#....####.......
#!....J##J####### ########
### ### ### #. ###.# #<# #.
#...# #.# #. #.#.###.# #.


You could see a jelly and 3 oozes.

Vanquished Creatures
  A jelly (D:2)
  A gnoll (D:1)
  An adder (D:2)
  An ooze (D:2)
  A giant cockroach (D:1)
  6 goblins
  7 hobgoblins
  2 quokkas (D:2)
  7 bats
  4 frilled lizards
  14 kobolds
  4 rats (D:1)
49 creatures vanquished.

Vanquished Creatures (others)
  A fungus (D:2)
  11 toadstools (D:2)
12 creatures vanquished.

Grand Total: 61 creatures vanquished

Notes
Turn   | Place    | Note
-------+----------+-------------------------------------------
     0 | D:1      | Dirian the Minotaur Fighter began the quest for the Orb.
     0 | D:1      | Reached XP level 1. HP: 19/19 MP: 0/0
    64 | D:1      | Reached XP level 2. HP: 19/27 MP: 1/1
   418 | D:1      | Reached XP level 3. HP: 33/33 MP: 2/2
  1112 | D:2      | Reached XP level 4. HP: 30/40 MP: 3/3
  1235 | D:2      | Splashed by a jelly's acid

Illustrated notes

Levels and vault maps discovered:
D:1:      evilmike_arrival_hilbert_curve, layout_rooms
D:2:      cheibrodos_fertilizer, layout_basic, cheibriados_altar_1,
          first_ration, minmay_hexomino_r4

Skill      XL: |  1  2  3  4 |
---------------+-------------+-----
Armour         | 4 |  4.5
Fighting       | 4 |  4.2
Shields        | 4 |  4.3
Long Blades    | 3 4 |  4.0

Action                   |  1- 3 |  4- 6 || total
-------------------------+-------+-------++-------
Melee: Long sword        |    90 |    14 ||   104
       Headbutt          |    11 |     3 ||    14
  Use: Potion            |       |     1 ||     1
  Eat: Chunk             |     1 |       ||     1
Armor: Scale mail        |    30 |     6 ||    36
Dodge: Dodged            |    26 |     3 ||    29
Block: Kite shield       |    52 |     7 ||    59
       Rpst.: Long sword |     3 |     1 ||     4
